 Dungeon Crawl Stone Soup version 0.30-a0-627-gc11e7ae810 (webtiles) character file.

Game seed: 13004826099363895634

516 Caratheodory the Ruffian (level 7, -8/49 HPs)
             Began as an Octopode Cinder Acolyte on Jan 12, 2023.
             Was a Priest of Ignis.
             Mangled by an orc warrior
             ... wielding a +0 mace
              (9 damage)
             ... on level 4 of the Dungeon.
             The game lasted 00:10:17 (4261 turns).

Caratheodory the Ruffian (Octopode Cinder Acolyte)  Turns: 4261, Time: 00:10:17

Health: -8/49      AC:  1    Str: 13    XL:     7   Next: 20%
Magic:  7/11       EV: 13    Int: 19    God:    Ignis [***...]
Gold:   199        SH:  0    Dex:  7    Spells: 10/12 levels left

rFire   + . .      SeeInvis .      - Unarmed
rCold   . . .      Faith    .    (no shield)
rNeg    . . .      Spirit   .    (helmet restricted)
rPois   .          Reflect  .    (no amulet)
rElec   .          Harm     .    (no ring)
rCorr   .          Rampage  .    (no ring)
Will    .....                    (no ring)
Stlth   ++                       (no ring)
HPRegen 0.28/turn                (no ring)
MPRegen 0.12/turn                (no ring)
                                 (no ring)
                                 (no ring)

@: no status effects
A: almost no armour, amphibious, 8 rings, camouflage 1, gelatinous body 1,
(nimble swimmer 1), tentacles
a: Renounce Religion, Fiery Armour, Foxfire Swarm, Rising Flame


You were on level 4 of the Dungeon.
You worshipped Ignis.
Ignis was most pleased with you.
You visited 1 branch of the dungeon, and saw 5 of its levels.

You collected 199 gold pieces.

Inventory:

Missiles
 o - 3 poisoned darts (quivered)
 u - 2 throwing nets
 v - 6 javelins
Scrolls
 a - a scroll of fear {unknown}
 c - a scroll of brand weapon {unknown}
 d - 2 scrolls of enchant armour {unknown}
 e - 5 scrolls of vulnerability {unknown}
 f - a scroll of magic mapping {unknown}
 h - 4 scrolls of noise {unknown}
 i - 2 scrolls of teleportation {unknown}
 j - a scroll of identify {unknown}
 k - 2 scrolls of fog {unknown}
 p - a scroll of enchant weapon {unknown}
 r - 2 scrolls of poison {unknown}
 s - a scroll of amnesia {unknown}
 w - a scroll of acquirement {unknown}
Potions
 b - a potion of curing {unknown}
 g - a potion of magic {unknown}
 l - a potion of cancellation {unknown}
 m - a potion of resistance {unknown}
 n - 2 potions of might {unknown}
 q - a potion of heal wounds {unknown}
 t - a potion of mutation {unknown}


   Skills:
 + Level 4.4 Fighting
 + Level 2.9 Dodging
 + Level 4.4 Unarmed Combat
 + Level 3.0 Spellcasting
 - Level 3.0 Fire Magic
 + Level 3.0 Air Magic


You had 10 spell levels left.
You knew the following spells:

 Your Spells              Type           Power      Damage    Failure   Level
a - Scorch                Fire           28%        2d6       7%          2

Your spell library contained the following spells:

 Spells                   Type           Power      Damage    Failure   Level


Dungeon Overview and Level Annotations

Branches:
Dungeon (5/15)
 Temple: D:4-7

Altars:
Cheibriados
Kikubaaqudgha
Makhleb
Sif Muna
The Shining One


Innate Abilities, Weirdness & Mutations

You cannot wear most types of armour.
You are amphibious.
You can wear up to eight rings at the same time.
Your skin changes colour to match your surroundings (Stealth+).
Your rubbery body absorbs attacks. (AC +1, EV +1)
((You are camouflaged when in or above water. (Stealth+)))
You have tentacles for arms and can constrict up to eight enemies at once.


Message History

The orc warrior is moderately wounded.
The foxfire hits the orc warrior but does no damage.
The orc warrior is moderately wounded.
The foxfire hits the orc warrior but does no damage.
The orc warrior is moderately wounded.
The foxfire hits the orc warrior.
The orc warrior is moderately wounded.
The foxfire hits the orc warrior.
The orc warrior is moderately wounded.
The foxfire hits the orc warrior but does no damage.
The orc warrior is moderately wounded.
The foxfire hits the orc warrior but does no damage.
The orc warrior is moderately wounded.
The foxfire hits the orc warrior but does no damage.
The orc warrior is moderately wounded.
The foxfire hits the orc warrior.
The orc warrior is heavily wounded.
The foxfire hits the orc warrior.
The orc warrior is heavily wounded.
The foxfire hits the orc warrior.
The orc warrior is heavily wounded.
Casting: Scorch (safe; 7% risk of failure)
Confirm with . or Enter, or press ? or * to list all spells.
Flames lash the orc warrior.
The orc warrior is severely wounded.
The orc warrior's fire resistance burns away.
Casting: Scorch (safe; 7% risk of failure)
Confirm with . or Enter, or press ? or * to list all spells.
Flames lash the orc warrior.
The orc warrior is burned terribly!
The orc warrior is severely wounded.
The orc warrior hits you with a +0 mace.
* * * LOW HITPOINT WARNING * * *
Casting: Scorch (safe; 7% risk of failure)
Confirm with . or Enter, or press ? or * to list all spells.
You don't know that spell.
Activating: Foxfire Swarm
Press: ? - help, Dir - look around, f - activate Flames leap up around you!
The orc warrior hits you with a +0 mace!
You die...

#....##..####...########.#
#....###..###...# ##..#######
##########...#...# ###..........
#<.....# ###.....# #............
######.######....####.##........)
...........##....#....###########
...........###vvvvv########
...........# #vovvv.......#
...........# #vv@########.#
...........#


#vvv# #.# ##############vvv# #.# #................########.#
................#......##.# .............)#.#......##.#######
..............#.#......##.....#.# ..........................###.#.#
...................##.......#.#.. You could see an orc warrior (combustible,
ally target).

Vanquished Creatures
  An ogre (D:4)
  A howler monkey (D:5)
  A jelly (D:4)
  2 orc priests
  6 orc wizards
  3 adders (D:4)
  An ufetubus (D:5)
  A worm (D:3)
  2 dart slugs
  18 orcs
  5 endoplasms
  6 giant cockroaches
  6 goblins
  4 hobgoblins
  5 jackals (D:1)
  8 kobolds
  4 quokkas
  5 ball pythons
  6 bats
  6 frilled lizards
  4 rats
95 creatures vanquished.

Vanquished Creatures (others)
  29 foxfires (D:4)
29 creatures vanquished.

Grand Total: 124 creatures vanquished

Notes
Turn   | Place    | Note
-------+----------+-------------------------------------------
     0 | D:1      | Caratheodory the Octopode Cinder Acolyte began the quest
                  | for the Orb.
     0 | D:1      | Reached XP level 1. HP: 16/16 MP: 2/2
    56 | D:1      | Reached XP level 2. HP: 14/21 MP: 3/3
   128 | D:1      | Learned a level 2 spell: Scorch
   290 | D:1      | Reached XP level 3. HP: 18/26 MP: 5/5
   369 | D:1      | Reached skill level 1 in Air Magic
   378 | D:1      | Reached skill level 1 in Dodging
  1117 | D:2      | You fall into a shaft and drop 1 floor!
  1817 | D:3      | Reached XP level 4. HP: 16/31 MP: 6/6
  2021 | D:3      | Reached XP level 5. HP: 22/36 MP: 6/8
  2724 | D:4      | Noticed an ogre
  2741 | D:4      | Killed an ogre
  2742 | D:4      | Reached XP level 6. HP: 26/43 MP: 6/9
  3452 | D:4      | Found a shimmering blue altar of Sif Muna.
  3455 | D:4      | Found a burning altar of Makhleb.
  3460 | D:4      | Found a snail-covered altar of Cheibriados.
  3745 | D:4      | Found a glowing golden altar of the Shining One.
  3769 | D:4      | Found an ancient bone altar of Kikubaaqudgha.
  4034 | D:5      | Entered Level 5 of the Dungeon
  4052 | D:5      | Reached XP level 7. HP: 46/48 MP: 11/11
  4256 | D:4      | HP: 2/49 [orc warrior/+0 mace (18)]
  4261 | D:4      | Mangled by an orc warrior

Illustrated notes

Levels and vault maps discovered:
D:1:      heliophobic_arrival_ceremonial_halls, layout_rooms
D:2:      cheibrodos_helix_gallery, layout_rooms, serial_co_window_serial,
          co_window_paths_b, co_window_cross_1, co_window_of_opportunity_a,
          co_window_paths_b, co_window_corner_a, co_window_corner_a,
          co_window_paths_a, co_window_broadway_a, co_window_corner_b,
          co_window_2corner, co_window_broadway_a, co_window_2corner,
          co_window_corner_ca, co_window_corner_cb, co_window_4corner_b,
          chequers_serial_rivers_marsh
D:3:      layout_loops_ring
D:4:      layout_basic, grunt_temple_overflow_diamond,
          chequers_temple_overflow_statue_of_worship
D:5:      cheibrodos_thug_alley, layout_rooms, trog_hazing_becter,
          evilmike_ruin_ashenzari, gammafunk_ghost_nasty_kobolds

Skill      XL: |  1  2  3  4  5  6  7 |
---------------+----------------------+-----
Air Magic      | 1 2 3 |  3.0
Dodging        | 1 2 |  2.9
Spellcasting   | 2 3 |  3.0
Fighting       | 4 |  4.4
Unarmed Combat | 4 |  4.4
Fire Magic     | |  3.0

Action                   |  1- 3 |  4- 6 |  7- 9 || total
-------------------------+-------+-------+-------++-------
Melee: Unarmed           |   132 |   139 |    20 ||   291
       Tentacles         |    18 |    28 |     2 ||    48
       Constrict         |    23 |    27 |     4 ||    54
       Punch             |     3 |     6 |     2 ||    11
 Cast: Scorch            |     1 |     2 |     2 ||     5
Invok: Foxfire Swarm     |       |     1 |     2 ||     3
       Fiery Armour      |       |     1 |       ||     1
 Stab: Sleeping          |     6 |     2 |       ||     8
       Distracted        |       |     1 |       ||     1
Armor: Skin              |    11 |    13 |       ||    24
Dodge: Dodged            |    81 |    64 |    19 ||   164

Table legend: (Time is in decaauts)
 A = Elapsed time spent in this place.
 B = Non-inter-level travel time spent in this place.
 C = Inter-level travel time spent in this place.
 D = Time resting spent in this place.
 E = Time spent auto-exploring this place.
 F = Levels seen in this place.
 G = Mean time per level.
                   A        B        C        D        E       F      G
               +--------+--------+--------+--------+--------+-----+--------+
         Total |   4243 |   4136 |    107 |      0 |   3357 |   5 |  848.6 |
       Dungeon |   4243 |   4136 |    107 |      0 |   3357 |   5 |  848.6 |
               +--------+--------+--------+--------+--------+-----+--------+

Top non-repeatable levels by time:
     D:4: 1488 daAuts
     D:2: 1303 daAuts
     D:3: 844 daAuts
     D:1: 522 daAuts
     D:5: 84 daAuts
